 Dungeon Crawl Stone Soup version 0.27-a0-448-gace5c5693b (webtiles) character file.

Game seed: 5938474628264562932

119998 kniiight the Bewitcher (level 16, -1/67 HPs)
             Began as a Spriggan Enchanter on Feb 26, 2021.
             Was the Champion of Dithmenos.
             Succumbed to a redback's poison
             ... on level 2 of the Lair of Beasts on Feb 27, 2021.
             The game lasted 03:32:51 (38024 turns).

kniiight the Bewitcher (Spriggan Enchanter)        Turns: 38024, Time: 03:32:52

Health: -1/67      AC: 11    Str:  7    XL:     16   Next: 29%
Magic:  49/49      EV: 27    Int: 25    God:    Dithmenos [******]
Gold:   1762       SH:  0    Dex: 16    Spells: 2/33 levels left

rFire    + . .     SeeInvis +   a - +5 dagger (drain)
rCold    + + .     Faith    .   (shield restricted)
rNeg     . . .     Spirit   .   Y - +2 robe {rC+}
rPois    .         Reflect  .   T - +3 hat of Pondering {ponderous, Will+ MP+10 Int+5}
rElec    .         Harm     .   c - scarf {rC+ rF+}
rCorr    .         Rampage  .   (gloves unavailable)
Will     +++..                  (boots unavailable) Stlth *+++++++++
                                Q - amulet of magic regeneration
HPRegen  0.21/turn              i - ring of magical power
MPRegen  0.56/turn              S - +4 ring of protection

@: mighty, lethally poisoned (-1 -> -52), hasted, wreathed by umbra, studying
Shields, very quick
A: very small, unfitting armour, see invisible, speed 3
a: Renounce Religion, Shadow Step, Shadow Form


You were on level 2 of the Lair of Beasts.
You worshipped Dithmenos.
Dithmenos was exalted by your worship.
You visited 5 branches of the dungeon, and saw 25 of its levels.
You also visited: Ice Cave.

You collected 3408 gold pieces.
You spent 1646 gold pieces at shops.

Inventory:

Hand Weapons
 a - a +5 dagger of draining (weapon)
 H - a +4 arbalest of freezing
Missiles
 h - 8 curare-tipped darts
 j - 123 poisoned darts
 w - 154 bolts
Armour
 c - a scarf of resistance (worn)
 l - a +0 troll leather armour
 T - the +3 hat of Pondering (worn) {ponderous, Will+ MP+10 Int+5}
   (You took it off Gastronok on level 2 of the Lair of Beasts)

   It affects your intelligence (+5).
   It affects your willpower, your defense against some magical effects.
   It affects your magic capacity (+10).
 V - a +0 buckler
 Y - a +2 robe of cold resistance (worn)
Jewellery
 f - a +6 ring of strength
 g - a ring of resist corrosion
 i - a ring of magical power (left hand)
 r - a ring of poison resistance
 u - a ring of ice
 v - the amulet "Hear" {Spirit rF+}
   (You found it on level 10 of the Dungeon)

   [amulet of guardian spirit]

   It causes incoming damage to be split between your health and magic.
   It protects you from fire.
 I - a +4 ring of evasion
 M - a ring of flight
 O - a ring of ice
 P - a ring of protection from cold
 Q - an amulet of magic regeneration (around neck)
 S - a +4 ring of protection (right hand)
Wands
 b - a wand of charming (3)
 e - a wand of acid (40)
 s - a wand of digging (3)
 t - a wand of paralysis (3)
 y - a wand of polymorph (3)
 K - a wand of flame (27)
 R - a wand of random effects (12)
 U - a wand of mindburst (28)
 W - a wand of iceblast (12)
Scrolls
 d - 2 scrolls of enchant armour
 k - 2 scrolls of fog
 n - 3 scrolls of teleportation
 o - 7 scrolls of identify
 q - 2 scrolls of noise
 B - 6 scrolls of immolation
 D - 3 scrolls of magic mapping
 F - a scroll of summoning
 N - 2 scrolls of fear
 Z - 3 scrolls of amnesia
Potions
 m - 4 potions of lignification
 p - 5 potions of brilliance
 x - 2 potions of might
 A - a potion of magic
 C - 3 potions of attraction
 E - a potion of berserk rage
 G - a potion of degeneration
 L - a potion of flight
Miscellaneous
 X - a lightning rod (4/4)


   Skills:
 - Level 1.1 Short Blades
 + Level 4.7 Crossbows
 - Level 12.0 Dodging
 - Level 14.4 Stealth
 - Level 7.0 Shields
 - Level 9.3 Spellcasting
 + Level 12.8 Conjurations
 - Level 16.9 Hexes
 - Level 13.4 Evocations


You had 2 spell levels left.
You knew the following spells:

 Your Spells              Type           Power        Failure   Level
a - Corona                Hex            85%          0%          1
b - Ensorcelled Hibernat  Hex/Ice        100%         1%          2
c - Confusing Touch       Hex            77%          0%          3
d - Tukima's Dance        Hex            77%          0%          3
e - Dazzling Flash        Conj/Hex       100%         1%          3
f - Searing Ray           Conj           100%         1%          2
g - Conjure Flame         Conj/Fire      43%          1%          3
h - Fulminant Prism       Conj/Hex       36%          1%          4
i - Mephitic Cloud        Conj/Pois/Air  33%          2%          3
j - Orb of Destruction    Conj           33%          22%         7

Your spell library contained the following spells:

 Spells                   Type           Power        Failure   Level
 Foxfire                  Conj/Fire      100%         1%          1
 Magic Dart               Conj           100%         1%          1
 Animate Skeleton         Necr           22%          5%          1
 Pain                     Necr           44%          5%          1
 Sting                    Tmut/Pois      44%          5%          1
 Poisonous Vapours        Pois/Air       22%          8%          2
 Static Discharge         Conj/Air       43%          1%          3
 Iskenderun's Mystic Bla  Conj/Tloc      43%          3%          4
 Sticky Flame             Conj/Fire      43%          3%          4
 Metabolic Englaciation   Hex/Ice        26%          4%          5
 Frozen Ramparts          Ice            22%          16%         3
 Ignite Poison            Fire/Tmut/Pois 11%          16%         3
 Ozocubu's Armour         Ice            11%          16%         3
 Vampiric Draining        Necr           5%           16%         3
 Animate Dead             Necr           5%           45%         4
 Ice Form                 Ice/Tmut       11%          45%         4
 Olgreb's Toxic Radiance  Pois           11%          45%         4
 Iron Shot                Conj/Erth      21%          50%         6
 Starburst                Conj/Fire      21%          50%         6
 Freezing Cloud           Conj/Ice/Air   16%          80%         6
 Agony                    Necr           11%          82%         5
 Simulacrum               Ice/Necr       5%           100%        6
 Haunt                    Necr/Summ      5%           100%        7
 Malign Gateway           Summ/Tloc      5%           100%        7
 Monstrous Menagerie      Summ           5%           100%        7
 Ozocubu's Refrigeration  Ice            5%           100%        7
 Summon Horrible Things   Summ           5%           100%        8


Dungeon Overview and Level Annotations

Branches:
Dungeon (15/15)            Temple (1/1) D:7            Lair (6/6) D:11
 Shoals (0/4) Lair:4       Spider (1/4) Lair:2        Slime (0/5) Lair:5
    Orc (2/2) D:10            Elf (0/3) Orc:2        Vaults (0/5) D:14
 Depths (0/5) D:15          IceCv (visited)

Altars:
Ashenzari
Cheibriados
Dithmenos
Fedhas
Gozag
Hepliaklqana
Kikubaaqudgha
Makhleb
Nemelex Xobeh
Okawaru
Qazlal
Ru
Sif Muna
Trog
Vehumet
Wu Jian
Xom
Yredelemnul
Zin
The Shining One
Beogh
Jiyva

Shops:
D:10 *   D:13 ?   Orc:2 [*

Portals:
Trove: D:11 (give +5 demon whip)

Annotations:
D:2 1 runed translucent door, Crazy Yiuf
D:6 3 runed translucent doors, Sigmund; bronco's ghost, novice MiFi
D:10 1 runed translucent door, coolguy69's ghost, journeyman VSMo
Lair:4 2 transporters
Lair:5 exclusion: oklob plant
Orc:2 Jorgrun


Innate Abilities, Weirdness & Mutations

You are very small and have problems with some larger weapons.
You are too small for most types of armour.
You have supernaturally acute eyesight. (SInv)
You cover ground extremely quickly.


Message History

The redback looks drowsy...
Your shadow mimicks your spell!
The redback is unaffected.
The redback completely misses you. x2
The redback bites you!
You are poisoned.
The redback poisons you! The redback bites you!
Unknown command.
The helpless redback fails to defend itself.
You stick the redback like a pincushion!!!
You kill the redback!
Dithmenos accepts your kill.
You feel very sick. The redback misses you. The redback completely misses you.
The redback misses you. The redback bites you!
You are more poisoned.
The redback poisons you! The redback barely misses you.
You feel very sick. The redback completely misses you. The redback bites you.
You feel very sick.
You feel very sick.
You feel magically purged.
* * * LOW HITPOINT WARNING * * *
You feel very sick. The redback completely misses you.
You feel yourself speed up.
* * * LOW HITPOINT WARNING * * *
You feel very sick. The redback misses you. x4
* * * LOW HITPOINT WARNING * * *
You feel sick. The redback completely misses you.
* * * LOW HITPOINT WARNING * * *
You feel very sick.
* * * LOW HITPOINT WARNING * * *
You feel sick.
* * * LOW HITPOINT WARNING * * *
You feel sick. The redback completely misses you.
* * * LOW HITPOINT WARNING * * *
You feel sick.
You feel very mighty all of a sudden.
You die...

###.########.#..##.#
.......#.##......†##
................#.#
.......+.......>#.#
........#.#.#.##.##
.......###...s....##
'...#.## ##..#s....#
...#.## #..s....##
#.....# ######@##
###...# #..#
.....+## ####.##
..<....# ####P.#'##
.......###.#......##
.......##..'......P#
.......#...#.......#
..........##......##
.......#####.......#


You could see 3 redbacks.

Vanquished Creatures
  Gastronok (Lair:2)
  Agnes (D:14)
  Donald (Orc:2)
  Kirke (D:15)
  2 orc warlords (Orc:2)
  A frost giant (IceCv)
  Azrael (D:12)
  An entropy weaver (Lair:2)
  An ettin (D:15)
  Fannar (Orc:1)
  A vault guard (D:14)
  13 hydras
  2 ogre magi (D:15)
  3 boulder beetles
  A death knight (D:14)
  5 two-headed ogres
  5 centaur warriors
  2 tengu warriors (D:13)
  3 death yaks
  Urug (Lair:1)
  5 orc high priests (Orc:2)
  A shock serpent (shapeshifter) (D:14)
  Nergalle (Orc:1)
  4 skeletal warriors
  A deep troll (D:15)
  2 phantasmal warriors
  An unseen horror (D:11)
  A necromancer (D:14)
  2 lindwurms (Lair:5)
  An orc knight (Orc:2)
  2 wizards (D:14)
  18 ugly things
  4 orc sorcerers
  A manticore (Lair:6)
  7 elephants
  4 cyclopes
  2 centaur zombies
  Maurice (Orc:1)
  5 black mambas
  2 gargoyles
  9 cane toads
  11 komodo dragons
  5 centaur skeletons
  A yaktaur (D:14)
  A demonic crawler (Lair:2)
  A redback zombie (D:15)
  Psyche (D:11)
  2 rime drakes
  6 trolls
  A jumping spider (Spider:1)
  25 polar bears
  A queen bee (Lair:2)
  31 blink frogs
  3 meliai (D:14)
  10 slime creatures
  5 raiju (Lair:6)
  A centaur simulacrum (D:14)
  A wraith (D:14)
  8 wyverns
  A tarantella (Spider:1)
  A hog (D:15)
  4 redbacks
  17 humans (D:14)
  2 basilisks (Lair:5)
  37 yaks
  5 fire elementals
  2 vampire mosquitoes (D:15)
  7 wargs
  2 soldier ants
  18 water moccasins
  An acid dragon (D:13)
  13 hell hounds
  17 ice beasts
  5 sky beasts
  38 orc warriors
  13 black bears
  12 ogres
  53 wolves
  13 centaurs
  A phantom (D:9)
  3 kobold brigands
  20 bullfrogs
  A water moccasin skeleton (D:8)
  6 scorpions
  26 killer bees (Lair:2)
  13 wights
  2 howler monkeys
  6 electric eels
  A quasit (D:12)
  27 orc priests
  5 hounds
  A jelly (D:9)
  7 hell rats
  3 iguanas
  15 orc wizards
  7 worker ants
  A bullfrog simulacrum (D:13)
  A hound skeleton (D:7)
  A worker ant zombie (D:8)
  4 gnolls
  14 adders
  A shadow imp (D:7)
  7 white imps
  3 ufetubi
  An ooze (D:2)
  An adder skeleton (D:7)
  A worm (D:2)
  A dart slug (D:1)
  3 leopard geckos
  99 orcs
  3 ball pythons
  14 bats
  5 giant cockroaches
  7 goblins
  5 hobgoblins
  4 jackals (D:11)
  3 quokkas
  8 frilled lizards
  16 kobolds
  5 rats
  A fulminant prism (Orc:2)
849 creatures vanquished.

Vanquished Creatures (collateral kills)
  A two-headed ogre (Orc:2)
  A gargoyle (D:11)
  2 ogres
  A gnoll (D:4)
  3 orcs
8 creatures vanquished.

Vanquished Creatures (others)
  2 polar bears (IceCv)
  A slime creature (D:12)
  4 dancing weapons
  2 humans (D:15)
  An orc wizard (D:10)
  A kobold (D:8)
  112 fulminant prisms
  78 fungi
  153 plants
  2 withered plants (D:10)
356 creatures vanquished.

Grand Total: 1213 creatures vanquished

Notes
Turn   | Place    | Note
-------+----------+-------------------------------------------
     0 | D:1      | kniiight the Spriggan Enchanter began the quest for the
                  | Orb.
     0 | D:1      | Reached XP level 1. HP: 9/9 MP: 5/5
   548 | D:1      | Reached XP level 2. HP: 13/13 MP: 6/6
   551 | D:1      | Learned a level 2 spell: Ensorcelled Hibernation
   570 | D:1      | Reached skill level 4 in Hexes
   862 | D:1      | Reached skill level 5 in Stealth
  1097 | D:2      | Reached XP level 3. HP: 16/16 MP: 8/8
  1594 | D:2      | Reached XP level 4. HP: 21/21 MP: 9/9
  2071 | D:2      | Found a stormy altar of Qazlal.
  2072 | D:2      | Found a blossoming altar of Fedhas.
  2072 | D:2      | Found a burning altar of Makhleb.
  2072 | D:2      | Found an ornate altar of the Wu Jian Council.
  2296 | D:2      | Found a runed translucent door.
  2297 | D:2      | Noticed Crazy Yiuf
  2352 | D:3      | Reached skill level 5 in Hexes
  2600 | D:3      | Reached XP level 5. HP: 24/24 MP: 10/10
  3712 | D:5      | Entered Level 5 of the Dungeon
  3854 | D:6      | Learned a level 3 spell: Confusing Touch
  3858 | D:6      | Learned a level 3 spell: Tukima's Dance
  3876 | D:5      | Reached skill level 5 in Dodging
  4082 | D:5      | Noticed a sky beast
  4211 | D:5      | Killed a sky beast
  4212 | D:5      | Reached XP level 6. HP: 28/28 MP: 11/11
  4240 | D:5      | Reached skill level 6 in Hexes
  5083 | D:4      | Reached XP level 7. HP: 28/32 MP: 12/12
  5160 | D:4      | Found a bloodstained altar of Trog.
  5161 | D:4      | Found a hazy altar of Hepliaklqana.
  5162 | D:4      | Found an opulent altar of Gozag.
  5162 | D:4      | Found a snail-covered altar of Cheibriados.
  5195 | D:4      | You fall into a shaft and drop 3 floors!
  5280 | D:7      | Found a staircase to the Ecumenical Temple.
  5286 | Temple   | Entered the Ecumenical Temple
  5496 | Temple   | Became a worshipper of Dithmenos the Shadowed
  5893 | D:7      | Reached skill level 7 in Hexes
  6214 | D:6      | Found a runed translucent gate.
  6214 | D:6      | Found a runed translucent gate.
  6214 | D:6      | Found a runed translucent gate.
  6214 | D:6      | Noticed bronco's ghost (novice MiFi)
  6214 | D:6      | Noticed Sigmund
  6712 | D:7      | Reached XP level 8. HP: 36/36 MP: 13/13
  7121 | D:7      | Reached * piety under Dithmenos
  7274 | D:8      | Reached skill level 10 in Stealth
  7358 | D:8      | Reached skill level 8 in Hexes
  7682 | D:7      | Learned a level 3 spell: Dazzling Flash
  8642 | D:9      | Found a radiant altar of Vehumet.
  8718 | D:9      | Noticed a centaur warrior
  8725 | D:9      | Killed a centaur warrior
  8726 | D:9      | Reached skill level 9 in Hexes
  8726 | D:9      | Reached XP level 9. HP: 39/39 MP: 14/14
  8783 | D:9      | Identified the Volume of Glacial Conjuration
  9139 | D:9      | Reached skill level 10 in Dodging
  9570 | D:8      | Reached ** piety under Dithmenos
  9732 | D:8      | Reached skill level 10 in Hexes
 10034 | D:10     | Entered Level 10 of the Dungeon
 10041 | D:10     | Identified the amulet "Hear" {Spirit rF+}
 10741 | D:10     | Noticed a troll
 10795 | D:10     | Reached XP level 10. HP: 44/44 MP: 0/15
 10842 | D:10     | Found a staircase to the Orcish Mines.
 10851 | Orc:1    | Entered Level 1 of the Orcish Mines
 11068 | D:10     | Reached *** piety under Dithmenos
 11127 | D:10     | Found Jaxkairo's Assorted Antiques.
 11151 | D:10     | Found a runed translucent door.
 11151 | D:10     | Noticed coolguy69's ghost (journeyman VSMo)
 11339 | D:10     | Reached skill level 11 in Hexes
 11484 | D:10     | Bought a metal-bound book for 390 gold pieces
 11643 | D:12     | Noticed Azrael
 11859 | D:11     | Noticed an unseen horror
 11861 | D:11     | Killed an unseen horror
 11889 | D:11     | Noticed a gargoyle
 11970 | D:11     | Found a staircase to the Lair.
 12091 | D:11     | Learned a level 2 spell: Searing Ray
 12093 | Lair:1   | Entered Level 1 of the Lair of Beasts
 12123 | Lair:1   | Noticed a six-headed hydra
 12130 | Lair:1   | Killed a six-headed hydra
 12131 | Lair:1   | Reached skill level 12 in Hexes
 12267 | Lair:1   | Noticed Urug
 12276 | Lair:1   | Noticed a four-headed hydra
 12289 | Lair:1   | Noticed a black mamba
 12440 | Lair:1   | Reached skill level 1 in Evocations
 12446 | Lair:1   | Reached XP level 11. HP: 29/47 MP: 4/16
 12452 | Lair:1   | Reached skill level 1 in Conjurations
 12561 | Lair:1   | Killed a four-headed hydra
 12695 | Lair:1   | Reached skill level 13 in Hexes
 12876 | Lair:1   | Reached **** piety under Dithmenos
 13046 | Lair:2   | Noticed a seven-headed hydra
 13659 | D:11     | Reached skill level 5 in Evocations
 13687 | D:11     | Noticed a five-headed hydra
 13703 | D:11     | Killed a five-headed hydra
 13748 | D:11     | Noticed Psyche
 13753 | D:11     | Killed Psyche
 13796 | D:11     | Found a portal to a secret trove of treasure.
 14171 | Lair:2   | Found a hole to the Spider Nest.
 14432 | Lair:2   | Reached skill level 14 in Hexes
 14999 | Lair:2   | Reached XP level 12. HP: 51/51 MP: 17/17
 15122 | Lair:2   | Killed a seven-headed hydra
 15667 | Lair:2   | Reached ***** piety under Dithmenos
 15817 | Lair:2   | Reached skill level 5 in Conjurations
 16019 | Lair:2   | Noticed a four-headed hydra
 16031 | Lair:2   | Killed a four-headed hydra
 16683 | Lair:3   | Noticed Gastronok
 16859 | Lair:2   | Reached skill level 15 in Hexes
 17019 | Lair:3   | Reached skill level 10 in Evocations
 17518 | Lair:3   | You fall into a shaft and drop 1 floor!
 18485 | Lair:4   | Noticed a death yak
 18485 | Lair:4   | Noticed a death yak
 18485 | Lair:4   | Noticed a death yak
 18486 | Lair:4   | Noticed a death yak
 18521 | Lair:4   | Killed a death yak
 18916 | Lair:5   | Noticed an eight-headed hydra
 19020 | Lair:5   | Killed an eight-headed hydra
 19021 | Lair:5   | Reached XP level 13. HP: 47/55 MP: 18/18
 19227 | Lair:6   | Entered Level 6 of the Lair of Beasts
 19684 | Lair:5   | Reached skill level 16 in Hexes
 19835 | Lair:5   | Found a viscous altar of Jiyva.
 19835 | Lair:5   | Found a staircase to the Slime Pits.
 20291 | Lair:6   | Reached ****** piety under Dithmenos
 20881 | Lair:6   | Identified the +2 hunting sling of the Magic Mushroom
                  | {freeze, Str+3 Int+8 Dex-3}
 21079 | Lair:6   | Reached XP level 14. HP: 59/59 MP: 19/19
 21140 | Lair:6   | Learned a level 3 spell: Conjure Flame
 22170 | Orc:1    | Noticed Maurice
 22177 | Orc:1    | Killed Maurice
 22270 | Orc:1    | Noticed Fannar
 22300 | Orc:1    | Killed Fannar
 22301 | Orc:1    | Reached skill level 1 in Shields
 22382 | Orc:1    | Noticed Nergalle
 22516 | Orc:1    | Killed Nergalle
 22764 | Orc:2    | Entered Level 2 of the Orcish Mines
 22799 | Orc:2    | Learned a level 4 spell: Fulminant Prism
 23166 | Orc:2    | Reached skill level 5 in Spellcasting
 24109 | Orc:2    | Noticed an orc warlord
 24115 | Orc:2    | Killed an orc warlord
 24230 | Orc:2    | Found a staircase to the Elven Halls.
 24913 | Orc:2    | Found a roughly hewn altar of Beogh.
 24913 | Orc:2    | Noticed an orc warlord
 25213 | Orc:2    | Killed an orc warlord
 25292 | Orc:2    | Found Xipeimeg's Armour Boutique.
 25414 | Orc:2    | Noticed Donald
 25453 | Orc:2    | Learned a level 3 spell: Mephitic Cloud
 25492 | Orc:2    | Killed Donald
 25552 | Orc:2    | Found Saquidux's General Store.
 25710 | Orc:2    | Found a roughly hewn altar of Beogh.
 25710 | Orc:2    | Noticed Jorgrun
 26146 | D:10     | Bought a scroll of identify for 52 gold pieces
 26146 | D:10     | Bought a jewelled gold wand for 104 gold pieces
 26146 | D:10     | Bought a glowing scarf for 208 gold pieces
 26146 | D:10     | Bought a silver ring for 130 gold pieces
 26265 | D:11     | Reached skill level 5 in Shields
 26376 | D:11     | Identified the +8 long sword of Duty {venom, rF+ rC+ Int-3
                  | SInv}
 26611 | D:12     | Killed Azrael
 27939 | D:13     | Found Zaor's Magic Scroll Shoppe.
 27950 | D:13     | Reached XP level 15. HP: 47/63 MP: 28/28
 27977 | D:13     | Bought a scroll of acquirement for 624 gold pieces
 27977 | D:13     | Acquired 735 gold pieces
 27979 | D:13     | Bought a scroll of identify for 24 gold pieces
 27979 | D:13     | Bought a scroll of teleportation for 36 gold pieces
 29644 | D:14     | Reached skill level 10 in Conjurations
 30628 | D:14     | Found a gate to the Vaults.
 31080 | D:14     | Noticed Agnes
 31097 | D:14     | Killed Agnes
 31528 | D:15     | Entered Level 15 of the Dungeon
 31528 | D:15     | Noticed Kirke
 31543 | D:15     | Killed Kirke
 31666 | D:15     | Found a staircase to the Depths.
 31674 | D:15     | Upgraded the game from 0.27-a0-423-gf312af23e9 to
                  | 0.27-a0-448-gace5c5693b
 31712 | D:15     | Found a frozen archway.
 31722 | IceCv    | Entered an ice cave
 32728 | IceCv    | Noticed a frost giant
 34322 | IceCv    | Killed a frost giant
 34345 | IceCv    | Identified the Reference Book on Confrontation
 34355 | IceCv    | Learned a level 7 spell: Orb of Destruction
 34530 | D:15     | Reached skill level 1 in Crossbows
 34530 | D:15     | Reached XP level 16. HP: 46/67 MP: 30/30
 35204 | D:15     | Found a sacrificial altar of Ru.
 35430 | Lair:1   | Killed Urug
 35839 | Lair:2   | Killed Gastronok
 36245 | Lair:4   | Found a staircase to the Shoals.
 36331 | Lair:4   | Found a transporter.
 36333 | Lair:4   | Found a transporter.
 37164 | D:10     | Bought a scroll of teleportation for 78 gold pieces
 37633 | Spider:1 | Entered Level 1 of the Spider Nest
 38022 | Lair:2   | HP: 3/67 [poisoned by a redback]
 38023 | Lair:2   | HP: 1/67 [poisoned by a redback]
 38024 | Lair:2   | Succumbed to a redback's poison

Illustrated notes

Levels and vault maps discovered:
D:1:      scummos_arrival_star, layout_basic, minmay_parallelograms
D:2:      layout_loops_ring, minitemple, minmay_vboxes, uniq_crazy_yiuf_cottage
D:3:      layout_loops_corners
D:4:      layout_basic, grunt_temple_overflow_open,
          amcnicky_mini_rare_corridor_liquid, minmay_cut_off
D:5:      layout_basic, serial_shops, shop
D:6:      layout_gridville, elyvilon_altar_5, gammafunk_ghost_necromancy,
          uniq_sigmund
D:7:      layout_basic, minmay_temple_entry_waves
D:8:      layout_rooms
D:9:      layout_long_grid, basic_altar, special_room [special_room_orc]
D:10:     layout_rooms, erik_orc_2, serial_shops, shop_statue,
          gammafunk_ghost_grave, enter_bailey_1
D:11:     layout_gridville, grunt_lair_entry_orc_guard_hut, enter_trove_0,
          uniq_psyche
D:12:     layout_gridville, serial_bayou_pond_e, grunt_ministairs_13,
          minmay_sticks_and_stones, uniq_azrael
D:13:     layout_irregular_city, serial_ice, serial_ice_g, serial_ice_h,
          serial_ice_c, serial_ice_i, serial_shops, shop,
          minmay_misc_feat_pillars
D:14:     layout_stronghold, grunt_vaults_entry_tiered, minmay_misc_feat_doors,
          kennysheep_donut, uniq_agnes
D:15:     hangedman_depths_entry_civil_slaughter, layout_irregular_city,
          nicolae_ru_path_of_blood, portal_ice_cave_entry_ice_beasts, uniq_kirke
Temple:   nicolae_temple_figure_eight
Lair:1:   layout_chaotic_city, st_stairs_11, serial_bayou_ford_a, uniq_urug
Lair:2:   layout_roguey [special_room_bee], dummy_spider_entry, st_stairs_3
Lair:3:   layout_long_grid, lemuel_fruit_fields, uniq_gastronok
Lair:4:   gammafunk_boulding_lane, layout_cave_pods,
          minmay_shoals_entry_centaurs, minmay_holes, grunt_megastairs_5
Lair:5:   layout_regular_city, slime_altar_1, lemuel_fruit_fields
Lair:6:   hangedman_lair_caniforms_friends, layout_cave_pods,
          hangedman_lair_in_review, grunt_megastairs_2
Spider:1: nicolae_spider_mines_1
Orc:1:    layout_diamond_mine, nicolae_orc_bridge_out, uniq_fannar,
          uniq_nergalle, uniq_maurice
Orc:2:    pubby_orc_utopia, uniq_donald, uniq_jorgrun

Skill      XL: |  1  2  3  4  5  6  7  8  9 10 11 12 13 14 15 16 |
---------------+-------------------------------------------------+-----
Hexes          | 4 5 6 7 9 10 12 14 15 16 | 16.9
Dodging        | 3 4 5 6 7 9 11 12 | 12.0
Stealth        | 5 6 7 8 9 11 13 14 | 14.4
Evocations     | 1 7 11 13 | 13.4
Conjurations   | 4 6 8 9 12 | 12.8
Spellcasting   | 8 9 |  9.3
Shields        | 5 7 |  7.0
Crossbows      | 1 4 |  4.7
Short Blades   | |  1.1

Action                   |  1- 3 |  4- 6 |  7- 9 | 10-12 | 13-15 | 16-18 || total
-------------------------+-------+-------+-------+-------+-------+-------++-------
Melee: Dagger            |    53 |    81 |   261 |   207 |   564 |    39 ||  1205
 Fire: Hunting sling     |       |       |       |       |     6 |       ||     6
       Arbalest          |       |       |       |       |       |    31 ||    31
 Cast: Ensorcelled Hiber |    11 |    74 |   132 |   283 |   331 |    31 ||   862
       Corona            |     1 |       |     1 |     3 |     2 |       ||     7
       Confusing Touch   |       |     4 |    21 |     4 |    20 |     3 ||    52
       Tukima's Dance    |       |     6 |    10 |     2 |    13 |       ||    31
       Dazzling Flash    |       |       |     2 |    17 |    30 |     3 ||    52
       Searing Ray       |       |       |       |    11 |   109 |    17 ||   137
       Fulminant Prism   |       |       |       |       |    81 |    32 ||   113
       Mephitic Cloud    |       |       |       |       |    24 |     7 ||    31
       Conjure Flame     |       |       |       |       |     9 |       ||     9
       Orb of Destructio |       |       |       |       |       |     4 ||     4
Evoke: Wand              |       |       |       |     4 |    46 |       ||    50
  Use: Scroll            |       |    12 |     2 |     4 |    20 |     2 ||    40
       Potion            |       |     4 |     1 |     7 |    18 |     8 ||    38
 Stab: Sleeping          |    21 |    51 |    88 |   155 |   246 |    20 ||   581
       Confused          |       |     2 |    14 |     3 |    23 |     2 ||    44
       Invisible         |       |       |       |     7 |    11 |     1 ||    19
       Paralysed         |       |       |       |     1 |    19 |       ||    20
       Distracted        |       |       |       |       |     3 |       ||     3
Armor: Robe              |     4 |     5 |     3 |     3 |    34 |     8 ||    57
       Troll leather arm |       |       |       |    15 |    15 |       ||    30
Dodge: Dodged            |    30 |    68 |   243 |   437 |   881 |   124 ||  1783

Table legend: (Time is in decaauts)
 A = Elapsed time spent in this place.
 B = Non-inter-level travel time spent in this place.
 C = Inter-level travel time spent in this place.
 D = Time resting spent in this place.
 E = Time spent auto-exploring this place.
 F = Levels seen in this place.
 G = Mean time per level.
                   A        B        C        D        E       F      G
               +--------+--------+--------+--------+--------+-----+--------+
         Total |  30321 |  29475 |    846 |  11059 |  10047 |  26 | 1166.2 |
       Dungeon |  15902 |  15529 |    373 |   5336 |   6391 |  15 | 1060.1 |
        Temple |    139 |    124 |     15 |      0 |    121 |   1 |  139.0 |
          Lair |   8544 |   8178 |    366 |   2921 |   2349 |   6 | 1424.0 |
   Spider Nest |     47 |     46 |      1 |      0 |      8 |   1 |   47.0 |
  Orcish Mines |   3425 |   3337 |     88 |   1528 |    773 |   2 | 1712.5 |
      Ice Cave |   2262 |   2262 |      0 |   1272 |    402 |   1 | 2262.0 |
               +--------+--------+--------+--------+--------+-----+--------+

Top non-repeatable levels by time:
  Lair:2: 2705 daAuts
   IceCv: 2262 daAuts
   Orc:2: 2153 daAuts
     D:7: 1845 daAuts
    D:14: 1739 daAuts
    D:13: 1564 daAuts
    D:11: 1537 daAuts
  Lair:1: 1503 daAuts
  Lair:3: 1365 daAuts
   Orc:1: 1271 daAuts
     D:8: 1190 daAuts
    D:12: 1128 daAuts
  Lair:5: 1064 daAuts
     D:9: 1047 daAuts
     D:2: 982 daAuts
